 Dungeon Crawl Stone Soup version 0.25-a0-558-g78a2afb0af (webtiles) character file.

Game seed: 9642014451676306430, levelgen mode: deterministic

231 Flugslaktarn the Shield-Bearer (level 6, 0/49 HPs)
             Began as a Formicid Fighter on Feb 24, 2020.
             Succumbed to a water moccasin's poison
             ... on level 5 of the Dungeon.
             The game lasted 00:00:49 (1476 turns).

Flugslaktarn the Shield-Bearer (Formicid Fighter)   Turns: 1476, Time: 00:00:50

Health: 0/49       AC:  7    Str: 22    XL:     6   Next: 24%
Magic:  6/6        EV:  8    Int:  8    God:
Gold:   87         SH: 10    Dex: 10    Spells: 5/5 levels left

rFire    + . .     SeeInvis +   a - +0 war axe
rCold    + . .     Gourm    .   c - +0 kite shield
rNeg     . . .     Faith    .   b - +0 scale mail
rPois    +         Spirit   .   (helmet unavailable)
rElec    +         Reflect  .   (no cloak)
rCorr    +         Harm     .   (no gloves)
MR       .....                  (no boots)
Stlth    ..........             (no amulet)
HPRegen  0.16/turn              h - ring of attention (curse)
MPRegen  0.10/turn              (no ring)

@: lethally poisoned (0 -> -11), resistant
A: permanent stasis, dig shafts and tunnels, four strong arms, antennae 3
a: Dig, Shaft Self


You were on level 5 of the Dungeon.
You were not hungry.

You visited 1 branch of the dungeon, and saw 5 of its levels.

You collected 87 gold pieces.

Inventory:

Hand Weapons
 a - a +0 war axe (weapon)
Armour
 b - a +0 scale mail (worn)
 c - a +0 kite shield (worn)
Jewellery
 h - a cursed ring of attention (left hand)
   (You found it on level 2 of the Dungeon)
Scrolls
 f - 4 scrolls of identify {unknown}
 j - a scroll of random uselessness {unknown}
 k - a scroll of fear {unknown}
 l - a scroll of magic mapping {unknown}
 m - a scroll of noise {unknown}
Potions
 d - a potion of might
 i - a potion of mutation {unknown}
Comestibles
 e - 4 rations


   Skills:
 + Level 4.3 Fighting
 * Level 4.1 Axes
 + Level 4.3 Armour
 + Level 4.7 Shields


You had 5 spell levels left.
You didn't know any spells.
Your spell library was empty.

Dungeon Overview and Level Annotations

Branches:
Dungeon (5/15)
 Temple: D:4-7

Altars:

Shops:
D:5 =


Innate Abilities, Weirdness & Mutations

You cannot be hasted, slowed, berserked, paralysed or teleported.
You can dig through walls and to a lower floor.
Your four strong arms can wield two-handed weapons with a shield.
You have a pair of large antennae on your head. (SInv)


Message History

* * * LOW HITPOINT WARNING * * *
You block the water moccasin's attack.
You closely miss the water moccasin.
The water moccasin is almost dead.
You block the water moccasin's attack. The water moccasin bites you.
* * * LOW HITPOINT WARNING * * *
You are more poisoned.
The water moccasin poisons you!
You slash the water moccasin!
You kill the water moccasin!
Your Axes skill increases to level 4!
You have reached level 6!
Your experience leads to an increase in your attributes!
Increase (S)trength, (I)ntelligence, or (D)exterity?
You feel stronger.
* * * LOW HITPOINT WARNING * * *
You feel sick.
It was a potion of resistance.
You feel protected.
You die...

#.##########.#
#............#
#.##########.#
####+###.##########'##
#.....##.##..........#
#....$##.##....))....#
#......#......).)....#
###......###.....####...
.......@.#.#.....# ####
######.#...#.....#
#.#.#.#.....#
#######.#.#.....#
........#.#.^...#
#######..รท'.....#
#...#.....# #...#######
#...#


There were no monsters in sight!

Vanquished Creatures
  A water moccasin (D:5)
  An orc priest (D:3)
  A hound (D:3)
  3 adders
  A worm (D:3)
  A leopard gecko (D:4)
  6 orcs
  4 bats
  4 giant cockroaches
  2 goblins
  3 hobgoblins (D:1)
  3 jackals (D:5)
  A quokka (D:5)
  A frilled lizard (D:2)
  A kobold (D:2)
  A leopard gecko skeleton (D:4)
  2 rats (D:1)
36 creatures vanquished.

Vanquished Creatures (others)
  A giant cockroach (D:1)
  A frilled lizard (D:1)
  2 kobolds (D:1)
4 creatures vanquished.

Grand Total: 40 creatures vanquished

Notes
Turn   | Place    | Note
-------+----------+-------------------------------------------
     0 | D:1      | Flugslaktarn the Formicid Fighter began the quest for the
                  | Orb.
     0 | D:1      | Reached XP level 1. HP: 18/18 MP: 1/1
    97 | D:1      | Reached XP level 2. HP: 24/24 MP: 2/2
   268 | D:2      | Reached XP level 3. HP: 27/29 MP: 3/3
   442 | D:3      | Reached XP level 4. HP: 37/37 MP: 4/4
   767 | D:3      | Reached XP level 5. HP: 42/42 MP: 5/5
  1107 | D:5      | Entered Level 5 of the Dungeon
  1107 | D:5      | Found Juckiw's Jewellery Shoppe.
  1457 | D:5      | Noticed a water moccasin
  1474 | D:5      | HP: 2/42 [water moccasin (3)]
  1475 | D:5      | Killed a water moccasin
  1475 | D:5      | Reached XP level 6. HP: 3/49 MP: 6/6
  1476 | D:5      | Succumbed to a water moccasin's poison

Levels and vault maps discovered:
D:1:      dpeg_arrival_water_temple_mockup, layout_basic, lemuel_flame_loot_1
D:2:      layout_basic, minmay_overflow_temple_star_hex
D:3:      layout_loops_corners, first_ration, okawaru_ov_weapons_minmay,
          uniq_ijyb
D:4:      layout_loops_ring, uniq_edmund, uniq_menkaure
D:5:      layout_basic, kennysheep_little_box, serial_shops,
          nicolae_shop_crystal, trog_hazing_becter

Skill      XL: |  1  2  3  4  5 |
---------------+----------------+-----
Shields        | 4 |  4.7
Axes           | 3 4 |  4.1
Fighting       | 4 |  4.3
Armour         | 4 |  4.3

Action                   |  1- 3 |  4- 6 || total
-------------------------+-------+-------++-------
Melee: War axe           |    49 |    57 ||   106
 Abil: Dig               |       |     2 ||     2
  Use: Potion            |       |     1 ||     1
  Eat: Chunk             |       |     2 ||     2
Armor: Scale mail        |    30 |    24 ||    54
Dodge: Dodged            |    15 |    25 ||    40
Block: Kite shield       |    29 |    37 ||    66

Table legend:
 A = Non-vault XP
 B = Vault XP
 C = Vault XP percentage of total XP
 D = Non-vault monster count
 E = Vault monster count
 F = Vault count percentage of total count
                 A         B        C        D         E       F
            +---------+---------+-------+---------+---------+-------
      Total |     330 |       0 |   0.0 |      36 |       0 |   0.0
            +---------+---------+-------+---------+---------+-------
        D:1 |      12 |       0 |   0.0 |       7 |       0 |   0.0
        D:2 |      19 |       0 |   0.0 |       5 |       0 |   0.0
        D:3 |     127 |       0 |   0.0 |      12 |       0 |   0.0
        D:4 |       7 |       0 |   0.0 |       3 |       0 |   0.0
        D:5 |     165 |       0 |   0.0 |       9 |       0 |   0.0
            +---------+---------+-------+---------+---------+-------
